 Dungeon Crawl Stone Soup version 0.30-a0-568-g124715a40b (webtiles) character file.

Game seed: 3962358813680601162

91 Shayle the Conjurer (level 4, -11/23 (28) HPs)
             Began as a Tengu Reaver on Dec 28, 2022.
             Was an Initiate of Kikubaaqudgha.
             Killed from afar by Ijyb (14 damage)
             ... with a bolt of dispelling energy
             ... on level 3 of the Dungeon.
             The game lasted 00:04:26 (1964 turns).

Shayle the Conjurer (Tengu Reaver)                  Turns: 1964, Time: 00:04:28

HP:   -11/23 (28)   AC:  7    Str: 12    XL:     4   Next: 57%
MP:   6/8           EV: 11    Int: 16    God:    Kikubaaqudgha [......]
Gold: 128           SH:  0    Dex: 12    Spells: 6/7 levels left

rFire   . . .      SeeInvis .    a - +0 spear
rCold   . . .      Faith    .    (no shield)
rNeg    . . .      Spirit   .    e - +2 ring mail {Will+}
rPois   .          Reflect  .    (helmet restricted)
rElec   .          Harm     .    (no cloak)
rCorr   .          Rampage  .    (no gloves)
Will    +....                    (boots unavailable)
Stlth   +                        (no amulet)
HPRegen 0.23/turn                (no ring)
MPRegen 0.11/turn                (no ring)

@: very slightly contaminated, heavily drained
A: beak, talons 3
a: Renounce Religion


You were on level 3 of the Dungeon.
You worshipped Kikubaaqudgha.
Kikubaaqudgha was noncommittal.
You visited 1 branch of the dungeon, and saw 3 of its levels.

You collected 128 gold pieces.

Inventory:

Hand Weapons
 a - a +0 spear (weapon)
 d - a +0 dagger of venom
Armour
 b - a +0 leather armour
 e - a +2 ring mail of willpower (worn)
Scrolls
 c - 5 scrolls of identify
 f - a scroll of amnesia
 g - a scroll of summoning {unknown}
 h - a scroll of magic mapping {unknown}
 i - 2 scrolls of teleportation {unknown}
 j - a scroll of fog {unknown}


   Skills:
 + Level 3.0 Fighting
 - Level 3.2 Polearms
 + Level 3.4 Dodging
 + Level 2.4 Stealth
 - Level 2.0 Spellcasting
 - Level 4.0 Conjurations


You had 6 spell levels left.
You knew the following spells:

 Your Spells              Type           Power      Damage    Failure   Level
a - Kiss of Death         Conj/Necr      32%        2d7       21%         1

Your spell library contained the following spells:

 Spells                   Type           Power      Damage    Failure   Level
 Momentum Strike          Conj/Tloc      16%        3d8       30%         2
 Summon Small Mammal      Summ           4%         N/A       43%         1
 Hailstorm                Conj/Ice       8%         3d4       52%         3
 Call Canine Familiar     Summ           1%         N/A       80%         3
 Summon Guardian Golem    Hex/Summ       1%         N/A       80%         3


Dungeon Overview and Level Annotations

Branches:
Dungeon (3/15)

Altars:
Kikubaaqudgha

Shops:
D:1 (

Annotations:
D:3 Ijyb, Sigmund


Innate Abilities, Weirdness & Mutations

You have a beak for a mouth.
You have claws for feet.


Message History

You miscast Kiss of Death.
You are very lightly contaminated with residual magic.
Nothing appears to happen.
The frilled lizard hisses angrily.
Ijyb hits you but does no damage.
Casting: Kiss of Death (safe; 21% risk of failure)
Confirm with . or Enter, or press ? or * to list all spells.
Aiming: Kiss of Death (safe; 21% risk of failure)
Press: ? - help, Shift-Dir - straight line, f/p - Ijyb
Aim: Ijyb, wielding a +0 club, wearing a +0 leather armour and carrying a wand of quicksilver (7) (100% to hit)
The negative energy hits Ijyb.
Ijyb is drained!
Ijyb is moderately wounded.
You feel drained.
Ijyb zaps a wand.
The bolt of dispelling energy misses you.
You closely miss Ijyb. You claw Ijyb, but do no damage. Your peck misses Ijyb.
Ijyb is moderately wounded.
Ijyb closely misses you.
You closely miss Ijyb.
Ijyb is moderately wounded.
Ijyb zaps a wand.
The bolt of dispelling energy hits you!
Ouch! That really hurt!
* * * LOW HITPOINT WARNING * * *
You aren't carrying any potions.
Unknown command.
You barely miss Ijyb.
Ijyb is moderately wounded.
Ijyb screams, "Level is mine!
All mine!"
Ijyb hits you with a +0 club.
* * * LOW HITPOINT WARNING * * *
You closely miss Ijyb. You claw Ijyb, but do no damage.
Ijyb is moderately wounded.
Ijyb hits you but does no damage.
You hit Ijyb. You peck Ijyb.
Ijyb is heavily wounded.
The frilled lizard bites you.
* * * LOW HITPOINT WARNING * * *
Ijyb zaps a wand.
The bolt of dispelling energy hits you!
Ouch! That really hurt!
You die...
Kikubaaqudgha rasps: "You have failed me!
Welcome... death!"

##### #..#
#.....#### #..#
#....## # #
#..##+##...## #.
#......#..##
#..###..#...#+##
###......#####
##..###...#
#......#####..#
#......@g......
#.......l......
#############..


You could see Ijyb (very drained) and a frilled lizard.

Vanquished Creatures
  3 adders
  A worm (D:2)
  2 dart slugs (D:1)
  4 endoplasms
  2 giant cockroaches
  3 goblins
  2 hobgoblins (D:2)
  16 jackals
  3 kobolds
  6 ball pythons
  3 bats
  A frilled lizard (D:2)
  7 rats
53 creatures vanquished.

Notes
Turn   | Place    | Note
-------+----------+-------------------------------------------
     0 | D:1      | Shayle the Tengu Reaver began the quest for the Orb.
     0 | D:1      | Reached XP level 1. HP: 12/12 MP: 4/4
   228 | D:1      | Reached XP level 2. HP: 5/17 MP: 6/6
   231 | D:1      | Reached skill level 1 in Stealth
   572 | D:1      | Found Syl Heck's Antique Weapon Boutique.
   602 | D:1      | Reached XP level 3. HP: 21/22 MP: 7/7
  1216 | D:2      | Reached XP level 4. HP: 27/27 MP: 8/8
  1680 | D:3      | Found an ancient bone altar of Kikubaaqudgha.
  1685 | D:3      | Became a worshipper of Kikubaaqudgha
  1719 | D:3      | Noticed Sigmund
  1953 | D:3      | Noticed Ijyb
  1964 | D:3      | Killed from afar by Ijyb

Illustrated notes

Levels and vault maps discovered:
D:1:      mushboom_english_gardens, layout_basic, serial_shops, shop,
          minmay_pentomino_x2
D:2:      minmay_recursive_quarters, layout_basic, dk_noncrumbling_4
D:3:      layout_loops_corners, lemuel_doored_altar,
          shapermc_ecumenical_altar_mp_vishouse, uniq_ijyb, uniq_robin,
          uniq_sigmund

Skill      XL: |  1  2  3  4 |
---------------+-------------+-----
Stealth        | 1 2 |  2.4
Dodging        | 3 |  3.4
Fighting       | 3 |  3.0
Polearms       | |  3.2
Spellcasting   | |  2.0
Conjurations   | |  4.0

Action                   |  1- 3 |  4- 6 || total
-------------------------+-------+-------++-------
Melee: Spear             |   109 |    47 ||   156
       Kick              |    28 |    13 ||    41
       Peck              |    11 |     7 ||    18
 Cast: Kiss of Death     |       |     1 ||     1
  Use: Potion            |       |     2 ||     2
       Scroll            |       |     1 ||     1
 Stab: Sleeping          |     1 |       ||     1
Armor: Leather armour    |     5 |       ||     5
       Ring mail         |    39 |    19 ||    58
Dodge: Dodged            |    62 |    38 ||   100

Table legend: (Time is in decaauts)
 A = Elapsed time spent in this place.
 B = Non-inter-level travel time spent in this place.
 C = Inter-level travel time spent in this place.
 D = Time resting spent in this place.
 E = Time spent auto-exploring this place.
 F = Levels seen in this place.
 G = Mean time per level.
                   A        B        C        D        E       F      G
               +--------+--------+--------+--------+--------+-----+--------+
         Total |   1956 |   1862 |     94 |    139 |   1147 |   3 |  652.0 |
       Dungeon |   1956 |   1862 |     94 |    139 |   1147 |   3 |  652.0 |
               +--------+--------+--------+--------+--------+-----+--------+

Top non-repeatable levels by time:
     D:2: 873 daAuts
     D:1: 795 daAuts
     D:3: 287 daAuts
